 Dungeon Crawl Stone Soup version 0.20-a0-1078-g4874019 (webtiles) character file.

52 Chaoticas the Grave Robber (level 3, 1/26 HPs)
             Began as a Hill Orc Necromancer on Apr 30, 2017.
             Quit the game on level 1 of the Dungeon.
             The game lasted 00:06:26 (2658 turns).

Chaoticas the Grave Robber (Hill Orc Necromancer)   Turns: 2658, Time: 00:06:27

Health: 1/26       AC:  5    Str: 10    XL:     3   Next: 85%
Magic:  1/6        EV: 10    Int: 16    God:
Gold:   38         SH:  0    Dex: 11    Spells: 5/6 levels left

rFire    . . .     SeeInvis .   n - +0 dagger
rCold    . . .     Gourm    .   (no shield)
rNeg     . . .     Faith    .   k - +0 ring mail
rPois    .         Spirit   .   (no helmet)
rElec    .         Reflect  .   (no cloak)
rCorr    .         Harm     .   (no gloves)
MR       .....                  (no boots)
Stlth    +.........             (no amulet)
Regen    0.1/turn               (no ring)
MPRegen  0.1/turn               (no ring)

@: lethally poisoned (1 -> -9), very slightly contaminated
A: no striking features
a: no special abilities


You were on level 1 of the Dungeon.
You were not hungry.

You visited 1 branch of the dungeon, and saw 2 of its levels.

You collected 38 gold pieces.

Inventory:

Hand Weapons
 n - a +0 dagger (weapon)
   (You took it off a kobold on level 1 of the Dungeon)
Missiles
 p - 19 stones (quivered)
Armour
 a - a +0 robe
 k - a +0 ring mail (worn)
   (You found it on level 1 of the Dungeon)
Scrolls
 e - a scroll of identify {unknown}
 g - a scroll of recharging {unknown}
 h - a scroll of enchant armour {unknown}
 l - a scroll of teleportation {unknown}
 o - a scroll of amnesia {unknown}
Potions
 d - a potion of degeneration {unknown}
 f - a potion of heal wounds {unknown}
 i - a potion of flight {unknown}
 j - a potion of cancellation {unknown}
Books
 A - a book of Necromancy

   Spells                             Type                      Level
   a - Pain                           Necromancy                   1
   b - Animate Skeleton               Necromancy                   1
   c - Vampiric Draining              Necromancy                   3
   d - Regeneration                   Charms/Necromancy            3
   e - Animate Dead                   Necromancy                   4
   f - Control Undead                 Necromancy                   4
Comestibles
 b - a meat ration


   Skills:
 - Level 1.5 Dodging
 - Level 1.5 Stealth
 * Level 2.4 Spellcasting
 * Level 4.6 Necromancy


You had 5 spell levels left.
You knew the following spells:

 Your Spells              Type           Power        Failure   Level  Hunger
a - Pain                  Necr           ###.         8%          1    #......


Dungeon Overview and Level Annotations

Branches:
Dungeon (2/15)

Altars:

Annotations:
D:2 Robin


Message History

Casting: Pain
Confirm with . or Enter, or press ? or * to list all spells.
Aiming: Pain
Press: ? - help, Shift-Dir - straight line, f/p - worm
Aim: a worm (severely wounded, chance to defeat MR: 81%)
The worm writhes in agony!
You kill the worm!
* * * LOW MAGIC WARNING * * *
The bat hits you but does no damage. The adder bites you.
* * * LOW HITPOINT WARNING * * *
You are lethally poisoned!
The adder poisons you!
* * * LOW HITPOINT WARNING * * *
You feel sick. The bat barely misses you. The adder barely misses you.
You climb upwards.
The bat hits you but does no damage. The bat closely misses you. x2
There is a stone staircase leading down here.
You feel better. The bat hits you but does no damage.
The adder barely misses you. The adder bites you.
* * * LOW HITPOINT WARNING * * *
Casting: Pain
Confirm with . or Enter, or press ? or * to list all spells.
You don't have enough magic to cast that spell.
Unknown command.
The bat hits you but does no damage. The adder bites you.
* * * LOW HITPOINT WARNING * * *
You are lethally poisoned!
The adder poisons you!
* * * LOW HITPOINT WARNING * * *
You feel sick.
* * * LOW HITPOINT WARNING * * *
You feel sick. The adder bites you.
* * * LOW HITPOINT WARNING * * *
You are more poisoned.
The adder poisons you!
* * * LOW HITPOINT WARNING * * *
You feel sick.
* * * LOW HITPOINT WARNING * * *
You feel sick.
* * * LOW HITPOINT WARNING * * *
You feel sick. The adder bites you but does no damage.
Are you sure you want to abandon this character and quit the game? (Confirm with "yes".)
Okay, then.
Are you sure you want to abandon this character and quit the game? (Confirm with "yes".)
Okay, then.
Are you sure you want to abandon this character and quit the game? (Confirm with "yes".)
Okay, then.
Are you sure you want to abandon this character and quit the game? (Confirm with "yes".)

#.##.##########
#.######## #.)......#
#.##.# ####>##### #....#
#.# ####.# #.# #.#####
#.# #...... #.#
#################
##.#####.........w.#####
#>...bS@.#########......
##.####### ####### ###


You could see an adder and a bat.

Vanquished Creatures
  An adder (D:1)
  2 worms (D:2)
  A dart slug (D:1)
  2 bats (D:1)
  A giant cockroach (D:1)
  14 goblins
  A jackal (D:2)
  3 kobolds
  3 ball pythons (D:1)
  5 rats (D:1)
33 creatures vanquished.

Notes
Turn   | Place    | Note
-------+----------+-------------------------------------------
     0 | D:1      | Chaoticas the Hill Orc Necromancer began the quest for the Orb.
     0 | D:1      | Reached XP level 1. HP: 14/14 MP: 3/3
   518 | D:1      | Reached XP level 2. HP: 16/20 MP: 2/4
   569 | D:1      | HP: 10/20 [adder (4)]
   573 | D:1      | Reached skill level 2 in Spellcasting
  1047 | D:1      | Reached XP level 3. HP: 26/26 MP: 4/6
  1651 | D:2      | HP: 13/26 [worm (7)]
  1657 | D:2      | HP: 5/26 [worm (5)]
  1885 | D:2      | Noticed Robin
  2272 | D:2      | HP: 13/26 [Robin/club (2)]
  2277 | D:2      | HP: 8/26 [Robin/club (2)]
  2282 | D:2      | HP: 6/26 [Robin/club (1)]
  2641 | D:2      | HP: 10/26 [worm (8)]
  2644 | D:2      | HP: 3/26 [adder (1)]
  2650 | D:1      | HP: 8/26 [adder (1)]
  2655 | D:1      | HP: 3/26 [poisoned by an adder]
  2657 | D:1      | HP: 1/26 [poisoned by an adder]
  2658 | D:1      | Quit the game

Vault maps used:
D:1:      matt_arrival_debris
D:2:      lemuel_doored_altar, dk_noncrumbling_4, st_stairs_7,
          minmay_misc_feat_nine_boxes, kennysheep_generic_room_3, uniq_robin

Skill      XL: |  1  2 |
---------------+-------+-----
Spellcasting   | 2 |  2.4
Dodging        | |  1.5
Stealth        | |  1.5
Necromancy     | |  4.6

Action                   || total
-------------------------++-------
Melee: Unarmed           ||     6
       Dagger            ||    22
 Cast: Pain              ||    95
  Use: Potion            ||     2
       Scroll            ||     1
  Eat: Chunk             ||     5
       Bread ration      ||     1
       Fruit             ||     1
Armor: Robe              ||     1
       Ring mail         ||    27
Dodge: Dodged            ||    42
